 Dungeon Crawl Stone Soup version 0.28.0-53-g5a82cb258f (webtiles) character file.

Game seed: 16248367625184838193

120167 adizb the Executioner (level 16, 0/159 HPs)
             Began as a Deep Dwarf Berserker on July 16, 2022.
             Was an Elder of Trog.
             Killed from afar by a shock serpent (31 damage)
             ... with a bolt of electricity
             ... on level 1 of the Snake Pit.
             The game lasted 02:11:23 (20000 turns).

adizb the Executioner (Deep Dwarf Berserker)       Turns: 20000, Time: 02:11:24

Health: 0/159      AC: 35    Str: 28    XL:     16   Next: 29%
Magic:  0/1        EV: 10    Int:  9    God:    Trog [****..]
Gold:   2432       SH:  0    Dex: 12    Spells: 15/15 levels left

rFire   . . .      SeeInvis .   c - +0 war axe (vamp)
rCold   . . .      Faith    .   (no shield)
rNeg    + . .      Spirit   .   l - +18 Lear's hauberk
rPois   +          Reflect  .   (helmet currently unavailable)
rElec   .          Harm     .   Z - +0 cloak
rCorr   .          Rampage  .   (gloves currently unavailable)
Will    ++++.                   (boots currently unavailable)
Stlth   ..........              e - amulet of the acrobat
HPRegen 0.00/turn               b - ring of poison resistance
MPRegen 0.07/turn               Y - ring of willpower

@: no status effects
A: damage resistance, heal wounds, negative energy resistance 1, sense
surroundings 2, no regeneration, iridescent scales 1, strong-willed 1
a: Heal Wounds, Renounce Religion, Berserk, Trog's Hand, Brothers in Arms


You were on level 1 of the Snake Pit.
You worshipped Trog.
Trog was greatly pleased with you.
You visited 4 branches of the dungeon, and saw 24 of its levels.
You also visited: Ossuary, Ice Cave and Volcano.

You collected 3372 gold pieces.
You spent 940 gold pieces at shops.

Inventory:

Hand Weapons
 c - a +0 vampiric war axe (weapon)
 H - a +3 executioner's axe of flaming
 K - a +1 battleaxe of electrocution
 Q - the +8 Wrath of Trog {antimagic, *Rage Rampage}
   (You bought it in a shop on level 1 of the Snake Pit)

   It reduces the magical energy of the wielder, and disrupts the spells and
   magical abilities of those it strikes.
   Natural abilities and divine invocations are not affected.
   It causes slowness and exhaustion when equipped.
   It extends the wielder's berserk rage when killing foes.
   *Rage:     It berserks you when you make melee attacks (+50% chance).
   Rampage:   It bestows one free step when moving towards enemies.
 R - the +6 dire flail of the Dove {flame, rElec rCorr Str-4 Int-2}
   (Trog gifted it to you on level 15 of the Dungeon)

   It burns those it strikes, dealing additional fire damage.
   Str:       It affects your strength (-4).
   Int:       It affects your intelligence (-2).
   rElec:     It insulates you from electricity.
   rCorr:     It protects you from acid and corrosion.
Missiles
 S - 3 boomerangs of dispersal
Armour
 g - a +0 pair of boots
 i - a +2 pair of gloves
 l - the +18 Lear's hauberk (worn)
   (You found it on level 5 of the Dungeon)
 E - a +0 crystal plate armour
 I - a +3 ring mail of fire resistance
 M - a +2 helmet
 T - the +9 plate armour of Makhleb's Condemnation {rPois Str+2}
   (You found it on level 13 of the Dungeon)

   Str:       It affects your strength (+2).
   rPois:     It protects you from poison.
 U - a +2 chain mail of willpower
 X - a scarf of invisibility
 Z - a +0 cloak (worn)
Jewellery
 b - a ring of poison resistance (left hand)
 d - a ring of see invisible
 e - an amulet of the acrobat (around neck)
 x - a ring of protection from cold
 G - a ring of protection from fire
 P - a ring of positive energy
 W - the ring "Votojeg" {rCorr AC+4 Int+2}
   (You found it on level 6 of the Lair of Beasts)

   [ring of protection]

   AC:        It affects your AC (+4).
   Int:       It affects your intelligence (+2).
   rCorr:     It protects you from acid and corrosion.
 Y - a ring of willpower (right hand)
Wands
 a - a wand of digging (2)
 m - a wand of flame (54)
 y - a wand of paralysis (11)
 B - a wand of mindburst (24)
 C - a wand of iceblast (45)
 L - a wand of polymorph (6)
 O - a wand of acid (6)
Scrolls
 f - 6 scrolls of fear
 k - 18 scrolls of teleportation
 n - 3 scrolls of silence
 o - 2 scrolls of magic mapping
 p - 11 scrolls of identify
 r - 4 scrolls of blinking
 v - 5 scrolls of fog
 D - 2 scrolls of summoning
 F - 6 scrolls of enchant armour
Potions
 h - 18 potions of curing
 j - 3 potions of mutation
 q - 3 potions of haste
 s - 7 potions of flight
 u - a potion of heal wounds
 w - a potion of cancellation
 z - 2 potions of resistance
 A - 4 potions of attraction
 J - a potion of might
 N - a potion of berserk rage
Miscellaneous
 t - a phantom mirror
 V - a condenser vane


   Skills:
 + Level 14.0 Fighting
 * Level 22.1 Axes
 + Level 16.2 Armour
 - Level 2.1 Dodging
 + Level 7.6 Evocations


You had 15 spell levels left.
You didn't know any spells.
Your spell library was empty.

Dungeon Overview and Level Annotations

Branches:
Dungeon (15/15)            Temple (0/1) D:4            Lair (6/6) D:10
 Shoals (0/4) Lair:4        Snake (1/4) Lair:3        Slime (0/5) Lair:6
    Orc (2/2) D:9             Elf (0/3) Orc:2        Vaults (0/5) D:13
 Depths (0/4) D:15        Ossuary (visited)           IceCv (visited)
Volcano (visited)

Altars:
Dithmenos
Hepliaklqana
Kikubaaqudgha
Okawaru
Sif Muna
Trog
Uskayaw
Yredelemnul
The Shining One
Beogh
Jiyva

Shops:
D:1 :   Orc:2 ((?=??*?   Snake:1 (*=

Portals:
Abyss: D:7

Annotations:
D:7 2 transporters, Diggabert's ghost, journeyman FoAK


Innate Abilities, Weirdness & Mutations

You are resistant to damage.
You can heal yourself by infusing magical energy.
You resist negative energy. (rN+)
You passively map the area around you.
You do not regenerate.
You are partially covered in iridescent scales. (AC +2)
You are strong-willed. (Will+)


Message History

The splash of poison misses you. The naga constricts you.
You barely miss the naga.
The naga is almost dead.
You barely miss the naga.
The naga is almost dead.
The naga hits you but does no damage. The naga constricts you.
You slash the naga!
You kill the naga!
Trog accepts your kill.
F - 6 scrolls of enchant armour (gained 1)
Found a stone staircase leading down.
There is a stone staircase leading down here.
A mana viper comes into view.
Found 19 bolts.
The mana viper hisses angrily.
The mana viper moves out of view.
A mana viper and a shock serpent come into view.
The mana viper closely misses you.
You barely miss the mana viper.
The mana viper bites you but does no damage.
You hit the mana viper.
The mana viper is lightly wounded.
The mana viper bites you but does no damage.
You slice the mana viper!!
The mana viper is heavily wounded.
The mana viper bites you.
* * * LOW HITPOINT WARNING * * *
You feel your power leaking away.
The shock serpent shoots out a bolt of lightning at you!
The bolt of electricity hits you but does no damage.
The bolt of electricity hits you!!
* * * LOW HITPOINT WARNING * * *
The bolt of electricity hits the shock serpent.
The shock serpent completely resists.
You slash the mana viper!
The mana viper is almost dead.
The mana viper bites you but does no damage.
The shock serpent shoots out a bolt of lightning at you!
The bolt of electricity hits you!!
You die...

.......# * , , ,
..)....# #... ,* , ,
.......# ..., *, * *
#####.## ..,, , #.#
**#.#* .# , ,
#.#######..###.###** * ,
#.........S...... , ,
#####†.#######..##.#####
* *
.....)))).......@S....(.
....
....)))....####..#.##...
* ....
.............###.#.#* ,,
...,, .............#
#...# ** ..
............(# ##..# ##.
, .......###...# #.>#
##.##+# .......# *...#
##.# #.....# ######.#
...# #.# #..#### #.# ..#
#.# #.....#


You could see a shock serpent and a mana viper.

Vanquished Creatures
  6 dire elephants
  Azrael (D:14)
  The ghost of DocClef the Thaumaturge, a journeyman GnFE of Hepliaklqana (Lair:5)
  The ghost of Cidec the Severer, a journeyman BaFi of Qazlal (Lair:1)
  A great orb of eyes (D:12)
  2 fire dragons
  17 hydras
  3 boulder beetles
  4 centaur warriors
  A catoblepas (Lair:6)
  4 two-headed ogres
  An anaconda (Snake:1)
  3 tengu warriors
  6 death yaks
  A death knight (D:14)
  An orc high priest (Orc:2)
  2 naga sharpshooters (Snake:1)
  A vampire mage (D:15)
  A hell knight (Volcano)
  Sonja (Orc:1)
  A fire crab (Lair:6)
  A spectral death yak (Lair:6)
  2 skeletal warriors (D:14)
  A shadow wraith (D:13)
  A spectral anaconda (Lair:6)
  A spark wasp zombie (D:15)
  A salamander mystic (Volcano)
  An obsidian statue (Lair:6)
  A wizard (D:14)
  A shadow dragon zombie (D:15)
  A deep elf zephyrmancer (D:12)
  Pikel (D:4)
  6 necromancers
  5 deep elf pyromancers
  2 orc knights
  A mana viper (Snake:1)
  An iron dragon zombie (D:15)
  9 cyclopes
  8 orc sorcerers (Orc:2)
  3 manticores
  13 ugly things
  3 salamanders (Snake:1)
  17 elephants
  5 black mambas
  A guardian serpent (Snake:1)
  2 ice statues (IceCv)
  Joseph (D:10)
  A black mamba (shapeshifter) (D:12)
  4 naga magi (Snake:1)
  2 torpor snails (Lair:3)
  A gargoyle (Volcano)
  A molten gargoyle (Volcano)
  15 cane toads
  A dire elephant skeleton (Lair:6)
  8 komodo dragons
  2 kobold demonologists
  A freezing wraith (D:14)
  13 rime drakes
  2 guardian mummies (D:15)
  4 tengu conjurers
  3 polar bears
  A hornet (shapeshifter) (D:14)
  A queen bee (D:10)
  4 trolls
  2 hornets
  14 blink frogs
  A spriggan zombie (D:15)
  11 dream sheep
  A wind drake (Lair:4)
  5 slime creatures (D:12)
  A spectral elephant (Lair:6)
  Sigmund (D:2)
  3 shadows
  5 wraiths
  4 spriggans (Lair:1)
  4 water elementals (D:15)
  2 vampires
  9 basilisks
  4 wyverns
  A dire elephant simulacrum (IceCv)
  32 yaks
  3 fire elementals (D:14)
  Eustachio (D:6)
  4 steam dragons (Lair:5)
  Grum (D:10)
  9 vampire mosquitoes
  2 death yak simulacra
  A spectral cane toad (Lair:6)
  A harpy simulacrum (IceCv)
  7 wargs
  9 nagas
  A two-headed ogre zombie (D:9)
  3 acid dragons
  5 hell hounds (D:14)
  Duvessa (D:4)
  15 water moccasins
  3 black bears
  A sky beast (D:6)
  2 ice beasts (D:5)
  18 orc warriors
  11 ogres
  10 centaurs
  5 wolves
  A phantom (D:5)
  4 kobold brigands
  2 cane toad simulacra
  10 bullfrogs
  3 scorpions
  Dowan (D:4)
  2 elephant simulacra
  A water moccasin skeleton (D:5)
  10 killer bees (D:10)
  2 troll zombies (D:9)
  8 wights
  A howler monkey (D:13)
  3 electric eels
  2 centaur zombies
  8 hounds
  19 orc priests
  2 bullfrog skeletons (D:5)
  2 centaur skeletons (D:5)
  Jessica (D:3)
  4 iguanas
  Ijyb (D:5)
  7 hell rats (Lair:2)
  37 orc wizards
  A scorpion zombie (D:5)
  5 ogre zombies (D:9)
  2 hound zombies (D:5)
  4 mummies
  A howler monkey skeleton (D:5)
  Robin (D:2)
  5 adders
  3 shadow imps
  5 white imps
  2 ufetubi
  A worm (D:3)
  2 dart slugs
  80 orcs
  5 ball pythons
  4 bats
  7 endoplasms
  4 giant cockroaches
  12 goblins
  15 hobgoblins
  10 kobolds
  5 quokkas
  7 frilled lizards
  2 goblin skeletons (D:9)
  3 goblin zombies
  4 hobgoblin skeletons (D:9)
  7 hobgoblin zombies
  2 kobold zombies (Ossuary)
  3 orc skeletons (D:9)
  12 orc zombies (D:9)
  5 rats
775 creatures vanquished.

Vanquished Creatures (collateral kills)
  A salamander (Snake:1)
  2 nagas (Snake:1)
3 creatures vanquished.

Vanquished Creatures (others)
  A rime drake (Lair:5)
  3 orc wizards (Orc:2)
  5 orcs (Orc:2)
  40 fungi
  88 plants
  31 withered plants
168 creatures vanquished.

Grand Total: 946 creatures vanquished

Notes
Turn   | Place    | Note
-------+----------+-------------------------------------------
     0 | D:1      | adizb the Deep Dwarf Berserker began the quest for the Orb.
     0 | D:1      | Reached XP level 1. HP: 20/20 MP: 1/1
   203 | D:1      | Found Fyacrev's Book Emporium.
   243 | D:1      | Reached XP level 2. HP: 27/27 MP: 2/2
   820 | D:2      | Reached skill level 4 in Axes
   848 | D:2      | Noticed a scorpion
   863 | D:2      | Killed a scorpion
   864 | D:2      | Reached XP level 3. HP: 34/34 MP: 3/3
   864 | D:2      | Reached XP level 4. HP: 42/42 MP: 4/4
  1078 | D:2      | Noticed Robin
  1082 | D:2      | Reached ** piety under Trog
  1089 | D:2      | Killed Robin
  1111 | D:2      | Found a faded altar of an unknown god.
  1127 | D:2      | Noticed Sigmund
  1135 | D:2      | Killed Sigmund
  1136 | D:2      | Reached skill level 5 in Axes
  1136 | D:2      | Reached XP level 5. HP: 50/50 MP: 5/5
  1136 | D:2      | Reached XP level 6. HP: 57/57 MP: 6/6
  1615 | D:3      | Noticed Jessica
  1624 | D:3      | Killed Jessica
  1625 | D:3      | Reached skill level 6 in Axes
  1670 | D:3      | Found a basalt altar of Yredelemnul.
  1852 | D:3      | Found an ancient bone altar of Kikubaaqudgha.
  2158 | D:4      | Noticed Pikel
  2164 | D:4      | Noticed Duvessa
  2187 | D:4      | Killed Pikel
  2188 | D:4      | Reached skill level 7 in Axes
  2188 | D:4      | Reached skill level 5 in Armour
  2188 | D:4      | Reached XP level 7. HP: 66/66 MP: 7/7
  2196 | D:4      | Noticed Dowan
  2206 | D:5      | Entered Level 5 of the Dungeon
  2288 | D:4      | Found a staircase to the Ecumenical Temple.
  2315 | D:4      | Killed Dowan
  2325 | D:4      | Killed Duvessa
  2326 | D:4      | Reached skill level 5 in Fighting
  2326 | D:4      | Reached XP level 8. HP: 48/74 MP: 7/7
  2403 | D:4      | Reached skill level 8 in Axes
  2424 | D:4      | Found a sand-covered staircase.
  2436 | Ossuary  | Entered an ossuary
  2985 | D:4      | Gained mutation: You sometimes lose the ability to read
                  | scrolls when taking damage. [potion of mutation]
  2985 | D:4      | Gained mutation: Your body sometimes deteriorates upon
                  | taking damage. [potion of mutation]
  2985 | D:4      | Gained mutation: Your spells are a little harder to cast,
                  | but a little more powerful. [potion of mutation]
  3323 | D:5      | Found the +18 Lear's hauberk
  3447 | D:5      | Reached skill level 9 in Axes
  3502 | D:5      | Reached *** piety under Trog
  3624 | D:5      | Found a shimmering blue altar of Sif Muna.
  3701 | D:5      | Gained mutation: You passively map the area around you.
                  | [Deep Dwarf growth]
  3701 | D:5      | Reached XP level 9. HP: 77/82 MP: 7/7
  3799 | D:5      | Noticed Ijyb
  3808 | D:5      | Killed Ijyb
  4051 | D:5      | Found an iron altar of Okawaru.
  4228 | D:5      | Reached skill level 10 in Axes
  4406 | D:6      | Noticed Eustachio
  4428 | D:6      | Killed Eustachio
  4915 | D:6      | Reached skill level 11 in Axes
  5147 | D:6      | Found a bloodstained altar of Trog.
  5582 | D:7      | Noticed an ancient zyme
  5604 | D:7      | Found a transporter.
  5604 | D:7      | Found a one-way gate to the infinite horrors of the Abyss.
  5604 | D:7      | Noticed Diggabert's ghost (journeyman FoAK)
  5604 | D:7      | Noticed a toenail golem
  5613 | D:7      | Found a transporter.
  6090 | D:7      | Found a glowing golden altar of the Shining One.
  6351 | D:8      | Reached XP level 10. HP: 94/94 MP: 8/8
  6888 | D:8      | Reached skill level 12 in Axes
  7010 | D:8      | Reached **** piety under Trog
  7064 | D:9      | Noticed a purple ugly thing
  7069 | D:9      | Killed a purple ugly thing
  7298 | D:9      | Paralysed by a hornet for 1 turns
  7300 | D:9      | Paralysed by a hornet for 1 turns
  7327 | D:9      | Found a hide-covered altar of Uskayaw.
  7346 | D:9      | Found a staircase to the Orcish Mines.
  7389 | D:9      | Reached skill level 13 in Axes
  7546 | D:9      | Noticed a two-headed ogre
  7553 | D:9      | Killed a two-headed ogre
  7620 | D:9      | Found a hazy altar of Hepliaklqana.
  7645 | D:9      | Reached XP level 11. HP: 82/103 MP: 8/8
  7706 | D:9      | Reached ***** piety under Trog
  7834 | D:10     | Entered Level 10 of the Dungeon
  7838 | D:10     | Noticed Joseph
  7854 | D:10     | Killed Joseph
  8021 | D:10     | Noticed a deep elf pyromancer
  8033 | D:10     | Killed a deep elf pyromancer
  8054 | D:10     | Noticed Grum
  8063 | D:10     | Killed Grum
  8237 | D:10     | Reached skill level 10 in Armour
  8286 | D:10     | Noticed a brown ugly thing
  8294 | D:10     | Killed a brown ugly thing
  8295 | D:10     | Reached skill level 14 in Axes
  8330 | D:10     | Found a staircase to the Lair.
  8477 | Lair:1   | Entered Level 1 of the Lair of Beasts
  8550 | Lair:1   | Noticed a death yak
  8567 | Lair:1   | Noticed a death yak
  8568 | Lair:1   | Noticed a death yak
  8606 | Lair:1   | Killed a death yak
  8607 | Lair:1   | Noticed a death yak
  8613 | Lair:1   | Killed a death yak
  8623 | Lair:1   | Killed a death yak
  8624 | Lair:1   | Killed a death yak
  8633 | Lair:1   | Reached skill level 15 in Axes
  8669 | Lair:1   | Noticed a seven-headed hydra
  9225 | D:11     | Noticed a white ugly thing
  9237 | D:11     | Killed a white ugly thing
  9237 | D:11     | Identified the +4 lajatang "Besotybe" {vorpal, rN+ Dex+2}
                  | (Trog gifted it to you on level 11 of the Dungeon)
  9237 | D:11     | Received a gift from Trog
  9359 | D:11     | Reached XP level 12. HP: 115/115 MP: 7/7
  9575 | D:12     | Noticed a two-headed ogre
  9584 | D:12     | Killed a two-headed ogre
  9656 | D:12     | Found a shadowy altar of Dithmenos.
  9658 | D:12     | Noticed a six-headed hydra
  9788 | Orc:1    | Entered Level 1 of the Orcish Mines
  9986 | Orc:1    | Reached skill level 10 in Fighting
  9986 | Orc:1    | Reached skill level 16 in Axes
 10226 | Orc:1    | Noticed Sonja
 10231 | Orc:1    | Killed Sonja
 10245 | Orc:1    | Lost mutation: You sometimes lose the ability to read
                  | scrolls when taking damage. [potion of mutation]
 10245 | Orc:1    | Lost mutation: Your body sometimes deteriorates upon taking
                  | damage. [potion of mutation]
 10245 | Orc:1    | Lost mutation: Your spells are a little harder to cast, but
                  | a little more powerful. [potion of mutation]
 10245 | Orc:1    | Gained mutation: You are partially covered in iridescent
                  | scales. (AC +2) [potion of mutation]
 10245 | Orc:1    | Gained mutation: You are strong-willed. (Will+) [potion of
                  | mutation]
 10304 | Orc:2    | Entered Level 2 of the Orcish Mines
 10304 | Orc:2    | Found a staircase to the Elven Halls.
 10306 | Orc:2    | Noticed an orc high priest
 10320 | Orc:2    | Killed an orc high priest
 10346 | Orc:2    | Found Usiuz's Jewellery Shop.
 10505 | Orc:2    | Found Veyppon's Weapon Emporium.
 10505 | Orc:2    | Found Odoshre's Magic Scroll Shop.
 10519 | Orc:2    | Bought a scroll of identify for 30 gold pieces
 10519 | Orc:2    | Bought a scroll of identify for 30 gold pieces
 10528 | Orc:2    | Found Munn's Weapon Shoppe.
 10590 | Orc:2    | Received a gift from Trog
 10602 | Orc:2    | Reached skill level 17 in Axes
 10754 | Orc:2    | Found Ofyshid's Magic Scroll Emporium.
 10754 | Orc:2    | Found Zetroax's General Store.
 10794 | Orc:2    | Found Ekhlepleps's Magic Scroll Boutique.
 10824 | Orc:2    | Found Qecouhof's Magic Scroll Shop.
 11156 | Lair:1   | Killed a seven-headed hydra
 11231 | Lair:1   | Reached XP level 13. HP: 83/124 MP: 5/5
 11295 | Lair:1   | Found a runed translucent door.
 11300 | Lair:1   | Identified the +8 spear of Puerax {freeze, rC+ Int-2 Dex+8
                  | Stlth+}
 11300 | Lair:1   | Noticed Cidec's ghost (journeyman BaFi)
 11343 | Lair:1   | Killed Cidec's ghost
 12241 | Lair:2   | Noticed a fire dragon
 12259 | Lair:2   | Killed a fire dragon
 12570 | Lair:3   | Reached skill level 18 in Axes
 12963 | Lair:3   | Found a dark tunnel.
 12970 | Volcano  | Entered a volcano
 13070 | Volcano  | Noticed an orb of fire
 13120 | Volcano  | Noticed an orb of fire
 13223 | Volcano  | Found the +8 arc blade {discharge, rElec}
 13684 | Lair:3   | Found a staircase to the Snake Pit.
 13754 | Lair:3   | Gained mutation: You resist negative energy. (rN+) [Deep
                  | Dwarf growth]
 13754 | Lair:3   | Reached XP level 14. HP: 116/136 MP: 3/3
 13835 | Lair:4   | Reached skill level 19 in Axes
 13889 | Lair:4   | Found a frozen archway.
 13900 | IceCv    | Entered an ice cave
 13912 | IceCv    | Found a transporter.
 13924 | IceCv    | Found a transporter.
 14053 | Lair:4   | Found a staircase to the Shoals.
 14745 | Lair:5   | Noticed DocClef's ghost (journeyman GnFE)
 14747 | Lair:5   | Found a transporter.
 14791 | Lair:5   | Found a transporter.
 15027 | Lair:5   | Killed DocClef's ghost
 15028 | Lair:5   | Reached skill level 20 in Axes
 15083 | Lair:6   | Entered Level 6 of the Lair of Beasts
 15166 | Lair:6   | Found a viscous altar of Jiyva.
 15166 | Lair:6   | Found a staircase to the Slime Pits.
 15528 | Lair:6   | Reached XP level 15. HP: 58/146 MP: 2/2
 15577 | Lair:6   | Identified the ring "Votojeg" {rCorr AC+4 Int+2}
 15648 | Lair:6   | Reached skill level 15 in Armour
 15758 | Lair:6   | Reached skill level 1 in Evocations
 16352 | D:12     | Received a gift from Trog
 16710 | D:12     | Reached skill level 21 in Axes
 17232 | D:13     | Found a gate to the Vaults.
 17477 | D:13     | Reached skill level 5 in Evocations
 17797 | D:13     | Identified the +9 plate armour of Makhleb's Condemnation
                  | {rPois Str+2}
 17955 | D:14     | Noticed Azrael
 17988 | D:14     | Killed Azrael
 18600 | D:15     | Entered Level 15 of the Dungeon
 18988 | D:15     | Reached XP level 16. HP: 91/158 MP: 2/2
 19036 | D:15     | Found a staircase to the Depths.
 19153 | D:15     | Identified the +6 dire flail of the Dove {flame, rElec
                  | rCorr Str-4 Int-2} (Trog gifted it to you on level 15 of
                  | the Dungeon)
 19153 | D:15     | Received a gift from Trog
 19548 | Snake:1  | Entered Level 1 of the Snake Pit
 19640 | Snake:1  | Reached skill level 22 in Axes
 19765 | Snake:1  | Found Heud's Weapon Emporium.
 19765 | Snake:1  | Found Zokywnor's General Store.
 19768 | Snake:1  | Found Qanocw's Jewellery Emporium.
 19800 | Snake:1  | Bought the +8 Wrath of Trog {antimagic, *Rage Rampage} for
                  | 880 gold pieces
 19800 | Snake:1  | Found the +8 Wrath of Trog {antimagic, *Rage Rampage}
 20000 | Snake:1  | Killed from afar by a shock serpent

Illustrated notes

Levels and vault maps discovered:
D:1:      psy_arrival_radial01, layout_basic, serial_glass, glass_columns_a,
          glass_columns_a, serial_shops, nicolae_shop_hallway_stairs
D:2:      layout_loops_ring, ebering_ecumenical_altar_webs, minivault_25,
          uniq_sigmund, uniq_robin
D:3:      layout_loops_ring, mainiacjoe_overflow_alcove_4,
          mainiacjoe_overflow_tiny_flanked, uniq_jessica
D:4:      layout_loops_ring, minmay_temple_entry_mini_moons,
          gup_ossuary_entry_pyramid, minmay_misc_feat_pillars, uniq_duvessa,
          uniq_pikel
D:5:      minmay_thinvault, layout_gridville, lemuel_round_altar,
          okawaru_gym_becter, kennysheep_diamond, bh_walls_and_bars, uniq_ijyb
D:6:      layout_basic, mainiacjoe_overflow_alcove_2, uniq_eustachio
D:7:      layout_basic, tso_oasis_becter, gammafunk_ghost_abyssal_escape,
          minmay_diced_spiral
D:8:      layout_cave_pods
D:9:      minmay_bloctagon_deflated, layout_stronghold,
          mainiacjoe_overflow_cross_hatched, overflow_temple_1_default,
          zombieorc2_lemuel
D:10:     layout_loops_ring, lair_entry_dummy, nicolae_looking_at_the_future,
          uniq_joseph, uniq_grum
D:11:     layout_stronghold
D:12:     kennysheep_blocky_room, layout_basic, nicolae_dithmenos_shadow_blocks
D:13:     minmay_distorted_concentric_squares, layout_loops_ring,
          david_vaults_4, chequers_avenue, minivault_10
D:14:     layout_roguey, uniq_azrael
D:15:     gammafunk_depths_entry_grave, layout_long_grid, serial_bayou_lagoon_a,
          serial_bayou_lagoon_b
Lair:1:   layout_regular_city, ebering_ghost_funeral_grove,
          serial_bayou_shore_b, lemuel_fruit_tree, grunt_megastairs_4,
          serial_bayou_shore_a
Lair:2:   dragon1_lemuel, layout_layer_cave, special_room, grunt_megastairs_1
Lair:3:   layout_long_grid, guppyfry_snake_entry_garden, enter_volcano_2,
          minmay_shattered_shrine, lemuel_fruit_fields
Lair:4:   layout_hall_layers, minmay_shoals_entry_beasts, portal_ice_cave_rime
Lair:5:   layout_misc_corridors, gammafunk_ghost_arena, bobbens_dragon_lair_wall
Lair:6:   due_jungle_book, layout_layer_cave, slime_altar_1,
          infiniplex_staircase_pool_2
Snake:1:  layout_basic, special_room, basic_altar, minmay_shop_star, uniq_aizul
Orc:1:    layout_caves, nicolae_orc_crystal_geode, uniq_sonja
Orc:2:    st_orc_town, layout_diamond_mine, serial_shops,
          nicolae_shop_statue_plus, shop_fountains, shop,
          nicolae_shop_hallway_stairs

Skill      XL: |  1  2  3  4  5  6  7  8  9 10 11 12 13 14 15 16 |
---------------+-------------------------------------------------+-----
Fighting       | 3 4 5 6 7 8 9 10 11 12 13 14 | 14.0
Axes           | 4 5 7 9 11 13 15 17 18 20 21 22 | 22.1
Armour         | 3 5 6 8 9 11 12 13 14 15 16 | 16.2
Evocations     | 6 7 |  7.6
Dodging        | |  2.1

Action                   |  1- 3 |  4- 6 |  7- 9 | 10-12 | 13-15 | 16-18 || total
-------------------------+-------+-------+-------+-------+-------+-------++-------
Melee: Hand axe          |    70 |   184 |   523 |    71 |       |       ||   848
       Punch             |     1 |     1 |    11 |       |     2 |     2 ||    17
       Battleaxe         |       |       |       |   614 |   239 |     4 ||   857
       Flail             |       |       |       |    11 |    33 |       ||    44
       Executioner's axe |       |       |       |       |   688 |    85 ||   773
       War axe           |       |       |       |       |    70 |    70 ||   140
Invok: Berserk           |     1 |     2 |     8 |    11 |     8 |     1 ||    31
       Trog's Hand       |       |     3 |     5 |    16 |    32 |     4 ||    60
       Brothers in Arms  |       |       |       |       |       |     1 ||     1
 Abil: Heal Wounds       |     2 |     1 |     6 |    25 |    19 |     6 ||    59
Evoke: Wand              |       |       |       |     1 |       |       ||     1
  Use: Scroll            |       |     1 |    12 |     8 |     4 |     1 ||    26
       Potion            |       |       |     1 |     2 |     4 |       ||     7
 Stab: Sleeping          |     1 |       |       |       |       |       ||     1
Armor: Animal skin       |    15 |       |       |       |       |       ||    15
       Scale mail        |       |    63 |    73 |       |       |       ||   136
       Chain mail        |       |       |   188 |   585 |   791 |   139 ||  1703
       Ring mail         |       |       |       |       |     5 |       ||     5
Dodge: Dodged            |    49 |    90 |   260 |   454 |   560 |    91 ||  1504
